 Dungeon Crawl Stone Soup version 0.31.0-32-g396128a36d (webtiles) character file.

Game seed: 9947327730844553102

139 nimbat the Apothecary (level 5, -1/40 HPs)
             Began as a Draconian Alchemist on Apr 12, 2024.
             Killed from afar by Ijyb (19 damage)
             ... with a bolt of acid
             ... on level 3 of the Dungeon on Apr 14, 2024.
             The game lasted 00:18:20 (2281 turns).

nimbat the Apothecary (Draconian Alchemist)         Turns: 2281, Time: 00:18:21

Health: -1/40      AC:  2    Str: 17    XL:     5   Next: 1%
Magic:  14/18      EV: 12    Int: 17    God:
Gold:   140        SH:  0    Dex: 11    Spells: 8/9 levels left

rFire   . . .        e - staff of cold
rCold   + . .        (no shield)
rNeg    . . .        (body armour unavailable)
rPois   .            (helmet restricted)
rElec   .            (no cloak)
rCorr   .            (no gloves)
SInv    .            f - +0 pair of boots
Will    .....        (no amulet)
Stlth   ++           l - ring of magical power
HPRegen 0.26/turn    n - +6 ring of strength
MPRegen 0.16/turn

%: no passive effects
@: corroded
A: AC +5, unfitting armour, cold-blooded
a: no special abilities


You were on level 3 of the Dungeon.
You visited 1 branch of the dungeon, and saw 3 of its levels.

You collected 140 gold pieces.

Inventory:

Armour
 f - a +0 pair of boots (worn)
Magical Staves
 e - a staff of cold (weapon)
 i - a staff of death
 k - a staff of earth
Jewellery
 h - an amulet of faith
 l - a ring of magical power (left hand)
 n - a +6 ring of strength (right hand)
Scrolls
 b - a scroll of teleportation {unknown}
 c - 4 scrolls of identify {unknown}
 d - a scroll of immolation {unknown}
 g - a scroll of poison {unknown}
 j - a scroll of fear {unknown}
Potions
 a - 2 potions of magic
 m - 2 potions of brilliance {unknown}


   Skills:
 + Level 1.5 Fighting
 + Level 2.5 Dodging
 + Level 2.6 Stealth
 + Level 2.7 Spellcasting
 + Level 2.0 Conjurations
 + Level 3.5 Alchemy


You had 8 spell levels left.
You knew the following spells:

 Your Spells              Type           Power      Damage    Failure   Level
a - Sting                 Conj/Alch      44%        1d5       5%          1

Your spell library contained the following spells:

 Spells                   Type           Power      Damage    Failure   Level
 Magic Dart               Conj           36%        1d4       8%          1
 Searing Ray              Conj           18%        2d5       12%         2
 Mercury Vapours          Alch/Air       16%        N/A       13%         2
 Mephitic Cloud           Conj/Alch/Air  8%         N/A       26%         3
 Olgreb's Toxic Radiance  Alch           14%        N/A       38%         4
 Fulminant Prism          Conj/Alch      5%         3d6       50%         4
 Sticky Flame             Fire/Alch      8%         2d4       65%         4


Dungeon Overview and Level Annotations

Branches:
Dungeon (3/15)

Altars:

Annotations:
D:3 Ijyb


Innate Abilities, Weirdness & Mutations

Your plain brown scales are hard. (AC +5)
You cannot fit into any form of body armour.
You are cold-blooded and may be slowed by cold attacks.


Message History

The quokka is heavily wounded.
The quokka misses you.
You hit the quokka.
You kill the quokka!
Found a bubbling yellow potion.
Found a puce potion.
m - 2 bubbling yellow potions (gained 1) Ijyb the Twisted Goblin comes into view.
She is wielding a +0 club and carrying a wand of acid.
Ijyb shouts!
Aiming: Sting (safe; 5% risk of failure)
Press: ? - help, Q - select action Shift-Dir - straight line, f - Ijyb
Aim: Ijyb, wielding a +0 club, wearing a +0 leather armour and carrying a wand of acid (64% to hit)
The sting hits Ijyb.
Ijyb is poisoned.
Ijyb is lightly wounded.
Aiming: Sting (safe; 5% risk of failure)
Press: ? - help, Q - select action Shift-Dir - straight line, f/p - Ijyb
Aim: Ijyb, wielding a +0 club, wearing a +0 leather armour and carrying a wand of acid (lightly wounded, poisoned, 64% to hit)
The sting misses Ijyb.
Aiming: Sting (safe; 5% risk of failure)
Press: ? - help, Q - select action Shift-Dir - straight line, f/p - Ijyb
Aim: Ijyb, wielding a +0 club, wearing a +0 leather armour and carrying a wand of acid (lightly wounded, poisoned, 64% to hit)
The sting hits Ijyb.
Ijyb looks even sicker.
Ijyb is moderately wounded.
Ijyb attacks as she pursues you! Ijyb hits you but does no damage.
Ijyb zaps a wand.
The bolt of acid misses you.
Ijyb zaps a wand.
The bolt of acid hits you! The acid corrodes you!
Aiming: Sting (safe; 5% risk of failure)
Press: ? - help, Q - select action Shift-Dir - straight line, f/p - Ijyb
Aim: Ijyb, wielding a +0 club, wearing a +0 leather armour and carrying a wand of acid (moderately wounded, very poisoned, 64% to hit)
The sting hits Ijyb but does no damage.
Ijyb looks even sicker.
Ijyb is moderately wounded.
Ijyb zaps a wand.
The bolt of acid misses you.
Aiming: Sting (safe; 5% risk of failure)
Press: ? - help, Q - select action Shift-Dir - straight line, f/p - Ijyb
Aim: Ijyb, wielding a +0 club, wearing a +0 leather armour and carrying a wand of acid (heavily wounded, very poisoned, 64% to hit)
The sting hits Ijyb but does no damage.
Ijyb looks as sick as possible!
Ijyb is heavily wounded.
Ijyb zaps a wand.
The bolt of acid hits you!
Ijyb zaps a wand.
The bolt of acid hits you!!
You die...

..# #.......#
#######.#####.#
#.......##
#.#####..# ##.#
#.# #.#
####.####.# #
#.@.......# #.
#.##.######
+.##.##.#
#...g##.#
#.......#
#.!..####
#....# #....#
#....#


You could see Ijyb (extremely poisoned).

Vanquished Creatures
  A hound (D:3)
  An orc priest (D:3)
  An adder (D:2)
  2 dart slugs (D:1)
  4 orcs (D:3)
  9 ball pythons
  7 endoplasms
  4 goblins
  5 hobgoblins
  8 jackals (D:1)
  A quokka (D:3)
  4 bats (D:1)
  5 frilled lizards
  4 kobolds
  4 rats
60 creatures vanquished.

Notes
Turn   | Place    | Note
-------+----------+-------------------------------------------
     0 | D:1      | nimbat the Draconian Alchemist began the quest for the Orb.
     0 | D:1      | Reached XP level 1. HP: 14/14 MP: 3/3
    99 | D:1      | Reached XP level 2. HP: 18/20 MP: 1/5
   671 | D:1      | Reached XP level 3. HP: 24/27 MP: 4/6
  1524 | D:2      | Reached skill level 1 in Fighting
  1917 | D:3      | Reached XP level 4. HP: 35/35 MP: 7/7
  2239 | D:3      | Reached XP level 5. HP: 40/40 MP: 9/9
  2269 | D:3      | Noticed Ijyb
  2281 | D:3      | Killed from afar by Ijyb

Illustrated notes

Levels and vault maps discovered:
D:1:      wander_arrival_fairy_ring, layout_loops_ring
D:2:      layout_loops_cross, minmay_goblin_kobold_house
D:3:      layout_loops_ring, serial_bayou_lagoon_a, kennysheep_pointless_box,
          minmay_quadrilaterals, uniq_ijyb

Skill      XL: |  1  2  3  4 |
---------------+-------------+-----
Stealth        | 2 |  2.6
Dodging        | 2 |  2.5
Fighting       | 1 |  1.5
Conjurations   | 2 |  2.0
Spellcasting   | |  2.7
Alchemy        | |  3.5

Action                     |  1- 3 |  4- 6 || total
---------------------------+-------+-------++-------
  Melee: Unarmed           |    14 |       ||    14
         Tailslap          |     6 |     1 ||     7
         Staff             |    24 |     6 ||    30
   Cast: Sting             |    60 |    30 ||    90
    Use: Potion            |       |     2 ||     2
 Armour: Skin              |    29 |    25 ||    54
  Dodge: Dodged            |    30 |    14 ||    44
